 Dungeon Crawl Stone Soup version 0.25.0-41-g26779e291d (webtiles) character file.

Game seed: 7160343344523699237

215 RUZZLEFAZAZZLE the Chopper (level 5, -2/47 HPs)
             Began as a Gnoll Chaos Knight on July 10, 2020.
             Was a Plaything of Xom.
             Slain by a gnoll
             ... wielding a +0 whip of chaos
              (11 damage)
             ... on level 4 of the Dungeon.
             The game lasted 00:10:44 (2822 turns).

RUZZLEFAZAZZLE the Chopper (Gnoll Chaos Knight)     Turns: 2822, Time: 00:10:45

Health: -2/47      AC: 12    Str: 15 (16) XL:     5   Next: 92%
Magic:  7/7        EV:  1    Int: 13 (14) God:    Xom [...*..]
Gold:   219        SH: 13    Dex: 14      Spells: 7/7 levels left

rFire    . . .     SeeInvis .   a - +1 hand axe (chaos)
rCold    + . .     Gourm    .   m - +1 tower shield
rNeg     . . .     Faith    .   g - +0 plate armour
rPois    .         Spirit   .   (no helmet)
rElec    .         Reflect  .   (no cloak)
rCorr    +         Harm     .   (no gloves)
MR       .....                  (no boots)
Stlth    ..........             (no amulet)
HPRegen  0.15/turn              p - ring of protection from cold
MPRegen  0.10/turn              e - ring of resist corrosion

@: lethally poisoned (-2 -> -3), very slightly contaminated, invisible
A: distributed training, fangs 1, strong nose
a: Renounce Religion


You were on level 4 of the Dungeon.
You worshipped Xom.
You were a favourite toy of Xom.
You were not hungry.

You visited 1 branch of the dungeon, and saw 4 of its levels.

You collected 219 gold pieces.

Inventory:

Hand Weapons
 a - a +1 hand axe of chaos (weapon)
Armour
 b - a +2 leather armour
 g - a +0 plate armour (worn)
 i - a +0 buckler
 m - a +1 tower shield (worn)
Jewellery
 d - an uncursed ring of stealth
 e - a ring of resist corrosion (right hand)
 p - a ring of protection from cold (left hand)
 v - an uncursed ring of positive energy {unknown}
Wands
 q - a wand of acid (4)
Scrolls
 f - 2 scrolls of remove curse
 j - 7 scrolls of teleportation
 k - a scroll of enchant weapon
 l - 5 scrolls of identify
 r - 3 scrolls of fear {unknown}
 u - a scroll of amnesia {unknown}
 w - a scroll of random uselessness {unknown}
Potions
 h - a potion of resistance
 n - a potion of curing
 o - a potion of invisibility
 t - a potion of might {unknown}
 x - a potion of heal wounds
 z - a potion of stabbing {unknown}
Comestibles
 c - 6 rations
 s - 9 chunks of flesh


   Skills:
 + Level 6.7 Fighting
 + Level 1.6 Short Blades
 + Level 1.6 Long Blades
 + Level 6.7 Axes
 + Level 1.6 Maces & Flails
 + Level 1.6 Polearms
 + Level 1.6 Staves
 + Level 1.6 Slings
 + Level 1.6 Bows
 + Level 1.6 Crossbows
 + Level 1.6 Throwing
 + Level 4.8 Armour
 + Level 3.1 Dodging
 + Level 1.6 Stealth
 + Level 1.6 Shields
 + Level 1.6 Unarmed Combat
 + Level 1.6 Spellcasting
 + Level 1.3 Conjurations
 + Level 1.3 Hexes
 + Level 1.3 Charms
 + Level 1.3 Summonings
 + Level 1.3 Necromancy
 + Level 1.3 Translocations
 + Level 1.3 Transmutations
 + Level 1.3 Fire Magic
 + Level 1.3 Ice Magic
 + Level 1.3 Air Magic
 + Level 1.3 Earth Magic
 + Level 1.3 Poison Magic
 + Level 1.9 Invocations
 + Level 1.6 Evocations


You had 7 spell levels left.
You didn't know any spells.
Your spell library was empty.

Dungeon Overview and Level Annotations

Branches:
Dungeon (4/15)
 Temple: D:4-7

Altars:
Kikubaaqudgha
Qazlal
Xom


Innate Abilities, Weirdness & Mutations

Your experience applies equally to all skills.
You have very sharp teeth.
Your uncanny sense of smell can sniff out nearby items.


Message History

Your shield and plate armour prevent you from hitting the quokka. "Hum-dee-hum-dee-hum..."
The quokka is charmed.
You swap places.
You block the gnoll's attack.
You catch the helpless gnoll completely off-guard!
You hit the gnoll.
You feel better.
The gnoll is moderately wounded.
You feel sick. The gnoll hits you with a +0 halberd.
* * * LOW HITPOINT WARNING * * *
You hit the gnoll.
The gnoll is poisoned.
The gnoll is heavily wounded.
You block the gnoll's attack.
You hit the gnoll. You freeze the gnoll.
You kill the gnoll!
You feel your dexterity returning. You block the gnoll's attack.
You hit the gnoll.
The gnoll is almost dead.
You feel sick. The gnoll hits you but does no damage.
You are electrocuted!
You die...

# #### ##### ##
.#####._####.#.# .#
.......g....g#g###.####
..####._.__.gggg@r....#
..# #._####.#.###.##.#
..# #..####.#_# .# .
..####......_..# .# .#
.g........._...###.#...
...###.................
.g.# #.................
..####..........g......
..g.g...........##.....


You could see a gnoll shaman, 5 gnolls and a friendly quokka (charmed,
summoned).

Vanquished Creatures
  Jessica (D:3)
  Natasha (twice) (D:3)
  A gnoll (D:4)
  3 adders
  2 worms
  A dart slug (D:1)
  2 leopard geckos
  6 orcs (D:3)
  2 ball pythons (D:2)
  8 bats
  6 giant cockroaches
  11 goblins
  8 hobgoblins
  7 jackals
  A quokka (D:2)
  10 frilled lizards
  7 kobolds
  7 rats
85 creatures vanquished.

Notes
Turn   | Place    | Note
-------+----------+-------------------------------------------
     0 | D:1      | RUZZLEFAZAZZLE the Gnoll Chaos Knight began the quest for
                  | the Orb.
     0 | D:1      | Reached XP level 1. HP: 23/23 MP: 1/1
    21 | D:1      | XOM: divination: detect items
    22 | D:1      | XOM: divination: detect creatures
   104 | D:1      | XOM: silly message
   185 | D:1      | Reached XP level 2. HP: 29/29 MP: 2/2
   192 | D:1      | XOM: silly message
   597 | D:1      | Reached XP level 3. HP: 34/35 MP: 3/3
   770 | D:2      | Noticed Natasha
   777 | D:2      | Reached skill level 1 in Invocations
   798 | D:2      | XOM: potion effect (brilliance)
   805 | D:2      | XOM: potion effect (invisibility)
   819 | D:3      | Killed Natasha
   819 | D:3      | Reached skill level 1 in Short Blades
   819 | D:3      | Reached skill level 1 in Long Blades
   819 | D:3      | Reached skill level 1 in Maces & Flails
   819 | D:3      | Reached skill level 1 in Polearms
   819 | D:3      | Reached skill level 1 in Staves
   819 | D:3      | Reached skill level 1 in Slings
   819 | D:3      | Reached skill level 1 in Bows
   819 | D:3      | Reached skill level 1 in Crossbows
   819 | D:3      | Reached skill level 1 in Throwing
   819 | D:3      | Reached skill level 1 in Stealth
   819 | D:3      | Reached skill level 1 in Shields
   819 | D:3      | Reached skill level 1 in Unarmed Combat
   819 | D:3      | Reached skill level 1 in Spellcasting
   819 | D:3      | Reached skill level 1 in Evocations
   819 | D:3      | Reached XP level 4. HP: 10/41 MP: 5/5
   838 | D:3      | XOM: silly message
   838 | D:3      | Noticed Natasha
  1310 | D:2      | Found a stormy altar of Qazlal.
  1318 | D:2      | Reached skill level 1 in Conjurations
  1318 | D:2      | Reached skill level 1 in Hexes
  1318 | D:2      | Reached skill level 1 in Charms
  1318 | D:2      | Reached skill level 1 in Summonings
  1318 | D:2      | Reached skill level 1 in Necromancy
  1318 | D:2      | Reached skill level 1 in Translocations
  1318 | D:2      | Reached skill level 1 in Transmutations
  1318 | D:2      | Reached skill level 1 in Fire Magic
  1318 | D:2      | Reached skill level 1 in Ice Magic
  1318 | D:2      | Reached skill level 1 in Air Magic
  1318 | D:2      | Reached skill level 1 in Earth Magic
  1318 | D:2      | Reached skill level 1 in Poison Magic
  1379 | D:2      | XOM: divination: detect items
  1478 | D:3      | Killed Natasha
  1478 | D:3      | Reached XP level 5. HP: 47/47 MP: 6/6
  1572 | D:3      | XOM: divination: magic mapping
  1749 | D:3      | XOM: silly message
  1751 | D:3      | XOM: silly message
  1853 | D:3      | XOM: stat loss: -1 Int (13/14)
  1958 | D:3      | XOM: smoke on damage
  2414 | D:3      | Noticed Jessica
  2423 | D:3      | Killed Jessica
  2482 | D:3      | Found an ancient bone altar of Kikubaaqudgha.
  2747 | D:4      | XOM: chaos upgrade
  2794 | D:4      | XOM: enchant monster (good)
  2801 | D:4      | XOM: scenery: create altars
  2804 | D:4      | XOM: summons 4 hostile shadow creatures
  2805 | D:4      | XOM: silly message
  2817 | D:4      | XOM: enchant monster (good)
  2822 | D:4      | Slain by a gnoll

Illustrated notes

Levels and vault maps discovered:
D:1:      lightli_arrival_lavapool, layout_basic, minmay_pentomino_z4
D:2:      layout_rooms, grunt_qazlal_sundering, uniq_natasha
D:3:      layout_loops_corners, lemuel_coloured_pillars_altar, uniq_jessica
D:4:      layout_basic, serial_rivers, chequers_serial_rivers_micro_d,
          chequers_serial_rivers_marsh, chequers_serial_rivers_micro_a,
          chequers_serial_rivers_small_a, serial_shops,
          nicolae_shop_behind_doors, hangedman_abyss_or_decor_stabs

Skill      XL: |  1  2  3  4  5 |
---------------+----------------+-----
Invocations    | 1 |  1.9
Short Blades   | 1 |  1.6
Long Blades    | 1 |  1.6
Maces & Flails | 1 |  1.6
Polearms       | 1 |  1.6
Staves         | 1 |  1.6
Slings         | 1 |  1.6
Bows           | 1 |  1.6
Crossbows      | 1 |  1.6
Throwing       | 1 |  1.6
Stealth        | 1 |  1.6
Shields        | 1 |  1.6
Unarmed Combat | 1 |  1.6
Spellcasting   | 1 |  1.6
Evocations     | 1 |  1.6
Conjurations   | 1 |  1.3
Hexes          | 1 |  1.3
Charms         | 1 |  1.3
Summonings     | 1 |  1.3
Necromancy     | 1 |  1.3
Translocations | 1 |  1.3
Transmutations | 1 |  1.3
Fire Magic     | 1 |  1.3
Ice Magic      | 1 |  1.3
Air Magic      | 1 |  1.3
Earth Magic    | 1 |  1.3
Poison Magic   | 1 |  1.3
Dodging        | 3 |  3.1
Fighting       | |  6.7
Axes           | |  6.7
Armour         | |  4.8

Action                   |  1- 3 |  4- 6 || total
-------------------------+-------+-------++-------
Melee: Hand axe          |    95 |   154 ||   249
       Bite              |     7 |    15 ||    22
  Use: Potion            |     2 |     4 ||     6
       Scroll            |       |     5 ||     5
 Stab: Paralysed         |     1 |     2 ||     3
       Invisible         |       |     2 ||     2
  Eat: Chunk             |       |     6 ||     6
Armor: Leather armour    |     3 |       ||     3
       Plate armour      |    54 |    94 ||   148
Dodge: Dodged            |    25 |     6 ||    31
Block: Buckler           |    12 |     2 ||    14
       Tower shield      |       |   103 ||   103
